Map: [ESL] Dragon Scales

Players

NightPhoenix - Winner!

  • Race: Protoss Protoss
  • Spawn Location: 11:00

goblin

  • Race: Protoss Protoss
  • Spawn Location: 5:00

Event: ESL SC2 Masters 2023 Summer (Regionals)

VOD

Have the link to the VOD?

Description

Time

  • Played on: May 13, 2023, 12:18 p.m.
  • Length: 4:44

All games in this series

Show
View Real Time Build Order
Export as new Build Order

NightPhoenix Protoss - Winner!

Build Orders:  

Get SALT Encoding   

  12  0:00  Probe  
  13  0:12  Probe  
  14  0:17  Pylon  
  14  0:24  Probe (Chrono Boost)  
  15  0:36  Probe (Chrono Boost), Gateway  
  16  0:44  Probe (Chrono Boost)  
  16  0:45  Assimilator  
  17  0:51  Probe  
  17  0:55  Assimilator  
  18  1:03  Probe (Chrono Boost)  
  19  1:07  Gateway  
  19  1:13  Probe (Chrono Boost)  
  20  1:18  Probe (Chrono Boost)  
  21  1:25  Cybernetics Core  
  21  1:30  Probe  
  22  1:36  Pylon  
  22  1:42  Probe  
  23  2:02  Stalker x2  
  23  2:03  Warp Gate  
  27  2:12  Pylon  
  27  2:24  Pylon  
  27  2:32  Stalker x2  
  31  2:44  Robotics Facility, Gateway  
  31  2:57  Pylon  
  31  3:01  Pylon  
  30  3:08  Shield Battery  
  30  3:28  Immortal (Chrono Boost)  
  34  3:38  Pylon  
  34  3:43  Pylon  
  34  3:51  Sentry x2  
  38  3:56  Warp Prism (Chrono Boost)  
  38  3:57  Stalker  
  40  4:34  Stalker x3  
Show
View Real Time Build Order
Export as new Build Order

goblin Protoss 

Build Orders:  

Get SALT Encoding   

  12  0:00  Probe  
  13  0:12  Probe  
  14  0:18  Pylon  
  14  0:24  Probe (Chrono Boost)  
  15  0:36  Probe (Chrono Boost)  
  15  0:39  Gateway  
  16  0:45  Probe (Chrono Boost)  
  16  0:47  Assimilator  
  17  0:51  Probe  
  18  1:03  Probe  
  19  1:17  Probe  
  20  1:19  Assimilator  
  20  1:20  Pylon  
  20  1:28  Zealot  
  20  1:30  Probe, Cybernetics Core  
  23  1:42  Probe (Chrono Boost)  
  24  1:53  Probe (Chrono Boost)  
  25  1:57  Probe (Chrono Boost)  
  26  2:11  Stalker  
  26  2:12  Warp Gate (Chrono Boost)  
  29  2:19  Nexus  
  28  2:25  Pylon  
  28  2:35  Gateway  
  28  2:42  Shield Battery  
  28  2:49  Sentry (Chrono Boost)  
  28  2:50  Probe  
  30  2:56  Shield Battery  
  30  3:02  Probe  
  31  3:08  Robotics Facility  
  31  3:09  Sentry  
  33  3:14  Probe  
  34  3:26  Probe  
  35  3:33  Probe  
  35  3:41  Probe  
  36  3:46  Probe  
  37  3:53  Probe  
  37  3:54  Stalker x2  
  42  3:57  Immortal (Chrono Boost)  
  46  4:07  Shield Battery  
  46  4:11  Pylon  
  46  4:19  Pylon  
  37  4:40  Gateway  
Tags
 
Add a new tag
Caveats
  • Supply blocks, unpowered buildings, or Contaminate may cause inaccurate times.
  • Supply counts are checked every 10 seconds.